 Dungeon Crawl Stone Soup version 0.21.1-1-g345015f (webtiles) character file.

113 Mesmaeker13 the Covered (level 4, 0/55 HPs)
             Began as a Demigod Wanderer on Mar 2, 2018.
             Succumbed to kobold's curare-tipped needle
             ... on level 3 of the Dungeon.
             The game lasted 00:04:17 (2702 turns).

Mesmaeker13 the Covered (Demigod Wanderer)          Turns: 2702, Time: 00:04:17

Health: 0/55       AC:  6    Str: 24 (25) XL:     4   Next: 39%
Magic:  6/6        EV:  7    Int: 14 (16) God:
Gold:   165        SH:  8    Dex: 14 (15) Spells: 3/3 levels left

rFire    . . .     SeeInvis .   t - +2 war axe
rCold    . . .     Gourm    .   h - +0 shield
rNeg     . . .     Faith    .   p - +0 ring mail (curse)
rPois    .         Spirit   .   (no helmet)
rElec    .         Reflect  .   (no cloak)
rCorr    .         Harm     .   (no gloves)
MR       .....                  (no boots)
Stlth    ..........             (no amulet)
HPRegen  0.18/turn              l - +3 ring of intelligence
MPRegen  0.10/turn              (no ring)

@: berserking, lethally poisoned (0 -> -16), slowed
A: high mp 1
a: no special abilities


You were on level 3 of the Dungeon.
You were not hungry.

You visited 1 branch of the dungeon, and saw 3 of its levels.

You collected 165 gold pieces.

Inventory:

Hand Weapons
 b - a +2 blowgun
 c - a +0 shortbow
 t - a +2 war axe (weapon)
Missiles
 a - 3 curare-tipped needles
 d - 30 arrows
 k - 9 poisoned needles
Armour
 h - a +0 shield (worn)
 p - a cursed +0 ring mail (worn)
Jewellery
 l - a +3 ring of intelligence (left hand)
Scrolls
 m - a scroll of identify {unknown}
 n - a scroll of amnesia {unknown}
 r - a scroll of fog {unknown}
 u - a scroll of enchant armour {unknown}
Potions
 e - a potion of lignification
 f - a potion of brilliance {unknown}
 o - a potion of degeneration
 q - a potion of haste {unknown}
 s - a potion of heal wounds {unknown}
Comestibles
 g - 3 rations
 i - a chunk of flesh


   Skills:
 + Level 2.7 Fighting
 * Level 1.4 Axes
   Level 1.7 Crossbows
 - Level 1.7 Throwing
 + Level 4.5 Armour
 + Level 0.4 Shields


You had 3 spell levels left.
You didn't know any spells.

Dungeon Overview and Level Annotations

Branches:
Dungeon (3/15)


Innate Abilities, Weirdness & Mutations

You have an increased reservoir of magic. (+10% MP)


Message History

You feel very sick.
It was a potion of degeneration.
There was something very wrong with that liquid.
You feel weakened.
You feel dopey.
You feel clumsy.
* * * LOW HITPOINT WARNING * * *
You feel very sick. The leopard gecko closely misses you.
You block the leopard gecko's attack.
It was a potion of berserk rage.
A red film seems to cover your vision as you go berserk!
You feel yourself moving faster!
You feel mighty!
* * * LOW HITPOINT WARNING * * *
You feel very sick. The leopard gecko closely misses you.
You block the leopard gecko's attack.
You are too berserk!
You closely miss the leopard gecko.
* * * LOW HITPOINT WARNING * * *
You feel sick.
The leopard gecko bites you but does no damage.
Your shield prevents you from hitting the leopard gecko.
You die...

#≈≈≈..≈..≈.. #≈≈...≈.⌠≈..≈
#≈≈..≈..≈⌠.≈. ≈≈..≈..≈..≈..≈
≈...≈≈..≈..≈≈ #.......≈..≈.
###........≈≈..
#@#............
#.l(.........
#.##.###..######
#....).........#
##..#.###.#####.#
############...#.# #.# #.#
#................###.#####.#
#....................))(...#
#.......####...)#######.##.#


You could see a leopard gecko.

Vanquished Creatures
  2 adders
  An ooze (D:3)
  2 worms (D:2)
  4 dart slugs
  A giant cockroach (D:3)
  15 goblins
  5 hobgoblins
  8 jackals
  2 quokkas
  11 bats
  8 frilled lizards (D:1)
  11 kobolds
  8 rats
78 creatures vanquished.

Notes
Turn   | Place    | Note
-------+----------+-------------------------------------------
     0 | D:1      | Mesmaeker13 the Demigod Wanderer began the quest for the Orb.
     0 | D:1      | Mesmaeker13 set off with: 3 curare-tipped needles, a +2 blowgun, a +0 shortbow, 30 arrows, a potion of lignification, a +0 robe, a ration
     0 | D:1      | Reached XP level 1. HP: 16/16 MP: 3/3
   548 | D:1      | Reached XP level 2. HP: 22/23 MP: 4/4
   669 | D:1      | Reached skill level 4 in Armour
   730 | D:1      | Reached XP level 3. HP: 17/29 MP: 5/5
  2081 | D:2      | Found a stormy altar of Qazlal.
  2083 | D:2      | Found a hazy altar of Hepliaklqana.
  2085 | D:2      | Found a blossoming altar of Fedhas.
  2087 | D:2      | Found a sacrificial altar of Ru.
  2314 | D:3      | Reached XP level 4. HP: 32/37 MP: 6/6
  2489 | D:3      | Found a deep blue altar of Sif Muna.
  2702 | D:3      | Succumbed to kobold's curare-tipped needle

Skill      XL: |  1  2 |
---------------+-------+-----
Armour         | 4 |  4.5
Fighting       | 2 |  2.7
Axes           | |  1.4
Crossbows      | |  1.7
Throwing       | |  1.7
Shields        | |  0.4

Action                   |  1- 3 |  4- 6 || total
-------------------------+-------+-------++-------
Melee: Short sword       |   140 |       ||   140
       War axe           |    13 |    38 ||    51
  Use: Scroll            |     2 |       ||     2
       Potion            |       |     2 ||     2
 Stab: Sleeping          |     1 |       ||     1
  Eat: Chunk             |     4 |     2 ||     6
Armor: Robe              |    29 |       ||    29
       Ring mail         |    13 |    10 ||    23
Dodge: Dodged            |    98 |    13 ||   111
Block: Shield            |     3 |    23 ||    26
